 Dungeon Crawl Stone Soup version 0.31-a0-154-g56bf346678 (webtiles) character file.

Game seed: 14465381314757157463

17042 Moral the Basher (level 12, -13/107 HPs)
             Began as a Minotaur Fighter on June 11, 2023.
             Was a Priest of Nemelex Xobeh.
             Killed by divine providence
             ... invoked by an orc priest
              (16 damage)
             ... on level 2 of the Orcish Mines.
             The game lasted 01:22:51 (9711 turns).

Moral the Basher (Minotaur Fighter)                 Turns: 9711, Time: 01:22:51

Health: -13/107    AC: 14    Str: 24      XL:     12   Next: 15%
Magic:  11/11      EV: 11    Int: 18 (19) God:    Nemelex Xobeh [***...]
Gold:   1202       SH: 17    Dex: 10      Spells: 11/11 levels left

rFire   . . .        i - +9 hammer of Joff {venom, rCorr Int+6 SInv Stlth-}
rCold   . . .        f - +1 tower shield
rNeg    . . .        y - +5 leather armour of the Bull {Rampage +Inv Int+2}
rPois   .            (helmet unavailable)
rElec   .            j - +0 cloak
rCorr   +            (no gloves)
SInv    +            D - +2 pair of boots {Fly}
Will    ++...        q - amulet of magic regeneration Stlth
                     e - +6 ring of intelligence
HPRegen 0.37/turn    a - ring of willpower
MPRegen 0.52/turn

%: rampage
@: brilliant, about to teleport, marked, flying
A: horns 3, retaliatory headbutt, clumsy 1, strong-willed 1, subdued magic 1,
MP-powered wands
a: Renounce Religion, Evoke Invisibility, Draw Escape, Draw Destruction, Draw
Summoning, Triple Draw


You were on level 2 of the Orcish Mines.
You worshipped Nemelex Xobeh.
Nemelex Xobeh was most pleased with you.
You visited 2 branches of the dungeon, and saw 12 of its levels.
You also visited: Bailey.

You collected 1202 gold pieces.

Inventory:

Hand Weapons
 b - a -1 demon whip of venom
 i - the +9 hammer of Joff (weapon) {venom, rCorr Int+6 SInv Stlth-}
   (You found it on level 2 of the Dungeon)

   Int:       It affects your intelligence (+6).
   SInv:      It lets you see invisible.
   rCorr:     It protects you from acid and corrosion.
   Stlth:     It makes you less stealthy.
 p - a +0 flail of protection
 B - a +4 hand axe
Missiles
 v - 2 throwing nets
Armour
 f - a +1 tower shield (worn)
 g - a +0 plate armour
 j - a +0 cloak (worn)
 y - the +5 leather armour of the Bull (worn) {Rampage +Inv Int+2}
   (You found it on level 7 of the Dungeon)

   Int:       It affects your intelligence (+2).
   +Inv:      It lets you turn invisible.
   Rampage:   It bestows one free step when moving towards enemies.
 D - a +2 pair of boots of flying (worn)
Jewellery
 a - a ring of willpower (right hand)
 e - a +6 ring of intelligence (left hand)
 q - an amulet of magic regeneration (around neck)
Wands
 h - a wand of light (7)
 l - a wand of flame (11)
 s - a wand of mindburst (1)
 u - a wand of paralysis (3)
 A - a wand of digging (3)
Potions
 c - 2 potions of attraction
 d - a potion of might
 r - a potion of resistance
 t - a potion of haste {unknown}
 w - a potion of ambrosia {unknown}
 z - 7 potions of enlightenment
Miscellaneous
 n - a condenser vane


   Skills:
 * Level 10.4 Fighting
 * Level 13.9 Maces & Flails
 * Level 11.3 Armour
 + Level 4.9 Dodging
 - Level 0.1 Stealth
 * Level 12.3 Shields
 + Level 2.2 Evocations


You had 11 spell levels left.
You didn't know any spells.
Your spell library contained the following spells:

 Spells                   Type           Power      Damage    Failure   Level
 Magic Dart               Conj           0%         1d3       54%         1
 Call Imp                 Summ           0%         N/A       69%         2
 Searing Ray              Conj           0%         2d4       69%         2
 Call Canine Familiar     Summ           0%         N/A       89%         3
 Frozen Ramparts          Ice            0%         1d1       89%         3
 Mephitic Cloud           Conj/Pois/Air  0%         N/A       89%         3
 Ozocubu's Armour         Ice            0%         N/A       89%         3
 Portal Projectile        Hex/Tloc       0%         N/A       89%         3
 Tukima's Dance           Hex            0%         N/A       89%         3
 Cause Fear               Hex            0%         N/A       100%        4
 Fulminant Prism          Conj/Hex       0%         3d5       100%        4
 Ice Form                 Ice/Tmut       0%         N/A       100%        4
 Leda's Liquefaction      Hex/Erth       0%         N/A       100%        4
 Summon Ice Beast         Ice/Summ       0%         N/A       100%        4
 Blade Hands              Tmut           0%         N/A       100%        5
 Irradiate                Conj/Tmut      0%         3d11      100%        5
 Dragon Form              Tmut           0%         N/A       100%        7
 Ozocubu's Refrigeration  Ice            0%         4d7       100%        7
 Dragon's Call            Summ           0%         N/A       100%        9


Dungeon Overview and Level Annotations

Branches:
Dungeon (10/15)            Temple (0/1) D:7            Lair (0/5) D:8
    Orc (2/2) D:10         Bailey (visited)
    Elf: Orc:2

Altars:
Dithmenos
Kikubaaqudgha
Nemelex Xobeh
Okawaru
Sif Muna

Shops:
D:4 :


Innate Abilities, Weirdness & Mutations

You have a pair of large horns on your head.
You reflexively headbutt those who attack you in melee.
You are clumsy. (Dex -2)
You are strong-willed. (Will+)
Your spells are a little easier to cast, but a little less powerful.
You expend magic power (3 MP) to strengthen your wands.


Message History

The neqoxec gestures at you.
Strange energies course through your body.
Your connection to magic feels subdued.
The orc warrior hits you but does no damage.
You barely miss the orc high priest.
The orc high priest is severely wounded.
The orc high priest says, "You will make a fine sacrifice."
The orc high priest mumbles some strange prayers to Beogh against you.
Beogh smites you!
The orc warrior hits you with a +0 vampiric short sword!
* * * LOW HITPOINT WARNING * * *
The orc warrior draws strength from your wounds!
You block the orc warrior's attack.
The orc priest calls down the wrath of Beogh upon you.
Beogh smites you!
* * * LOW HITPOINT WARNING * * *
The orc high priest hits you with a +0 flail.
* * * LOW HITPOINT WARNING * * *
You block the neqoxec's attack.
The orc warrior hits you with a +0 mace!
* * * LOW HITPOINT WARNING * * *
As you read the scroll of teleportation, it crumbles to dust.
You feel strangely unstable.
The orc high priest mumbles some strange prayers to Beogh.
You block the orc warrior's attack. x2
The orc high priest hits you with a +0 flail.
* * * LOW HITPOINT WARNING * * *
The neqoxec gestures at you.
Something tries to feed on your intellect!
You block the orc warrior's attack.
It was a potion of brilliance.
You feel clever all of a sudden.
You kill the orc warrior!
The orc high priest hits you but does no damage.
You block the orc warrior's attack.
An orc warrior comes into view. It is wielding a +0 halberd.
The orc priest mumbles some strange prayers to Beogh against you.
Beogh smites you!
You die...
Your body disappears without a glow.

... .o... ...
#... #...# ...#
#......oo.....#
#....#...#....#
#....[......#
#...#)..#...#
#...3.o...#
#..#o@[#..#
#..oo)).#
###.4[####
#.))[.[.#
##÷))..##
##)[...##
#÷).))##
###)....# .#
###....)).# ...


You could see 2 orc high priests, an orange demon (summoned), a neqoxec
(summoned), 3 orc warriors and 2 orc priests.

Vanquished Creatures
  An orc high priest (Orc:2)
  3 orc knights
  2 cyclopes
  An orange demon (D:10)
  2 kobold demonologists (D:9)
  Maggie (D:7)
  A komodo dragon (D:10)
  A blink frog (Orc:2)
  Grinder (D:5)
  A wyvern (D:8)
  Sigmund (D:4)
  9 yaks
  The ghost of uvd540 the Trooper, an amateur MiBe of Trog (D:6)
  A steam dragon (D:9)
  4 wargs
  4 water moccasins
  An acid dragon (D:8)
  Duvessa (D:5)
  15 orc warriors
  An ice beast (D:7)
  4 black bears
  2 ogres
  4 centaurs
  10 kobold brigands
  2 phantoms
  2 necrophages (D:7)
  7 bullfrogs
  Blork the orc (D:6)
  4 gnoll sergeants
  4 scorpions
  6 wights (D:7)
  Dowan (D:5)
  19 killer bees
  3 howler monkeys
  A centaur zombie (D:7)
  2 gnoll boudas
  3 jellies
  Crazy Yiuf (D:2)
  A human zombie (D:7)
  4 sleepcaps
  7 hounds
  9 orc priests
  17 orc wizards
  2 killer bee zombies (D:7)
  2 mummies (D:7)
  A howler monkey zombie (D:7)
  23 gnolls
  4 adders
  A river rat (Orc:2)
  2 shadow imps
  2 white imps (D:8)
  4 ufetubi
  2 worms
  2 dart slugs
  37 orcs
  10 ball pythons
  5 endoplasms
  3 giant cockroaches
  11 goblins
  8 hobgoblins
  6 jackals (D:5)
  27 kobolds
  2 quokkas
  8 bats
  5 frilled lizards
  3 rats
336 creatures vanquished.

Vanquished Creatures (collateral kills)
  A two-headed ogre (D:6)
  An orc high priest (Orc:2)
  Amaemon (D:10)
  An orc knight (Orc:2)
  5 kobold brigands (D:6)
  A bullfrog (Orc:2)
  A killer bee (Orc:2)
  A dart slug (Orc:2)
  An orc (Orc:2)
  A giant cockroach (Orc:2)
14 creatures vanquished.

Grand Total: 350 creatures vanquished

Notes
Turn   | Place    | Note
-------+----------+-------------------------------------------
     0 | D:1      | Moral the Minotaur Fighter began the quest for the Orb.
     0 | D:1      | Reached XP level 1. HP: 19/19 MP: 0/0
   106 | D:1      | Reached XP level 2. HP: 27/27 MP: 1/1
   278 | D:1      | Reached skill level 3 in Maces & Flails
   281 | D:1      | Reached XP level 3. HP: 31/33 MP: 2/2
  1047 | D:2      | Identified the +1 ring mail of Gestures {Contam rElec rF+
                  | rCorr}
  1186 | D:2      | Found a runed translucent door.
  1187 | D:2      | Noticed Crazy Yiuf
  1198 | D:2      | Killed Crazy Yiuf
  1199 | D:2      | Reached XP level 4. HP: 40/40 MP: 3/3
  1202 | D:2      | Identified the +9 hammer of Joff {venom, rCorr Int+6 SInv
                  | Stlth-}
  1746 | D:3      | Found a sparkling altar of Nemelex Xobeh.
  1826 | D:3      | Became a worshipper of Nemelex Xobeh the Trickster
  1981 | D:3      | Reached skill level 4 in Maces & Flails
  2087 | D:3      | Reached XP level 5. HP: 47/47 MP: 4/4
  2637 | D:4      | Reached skill level 5 in Shields
  2638 | D:4      | Reached XP level 6. HP: 47/55 MP: 5/5
  2708 | D:4      | Reached skill level 5 in Maces & Flails
  2784 | D:4      | Found Voshed's Book Boutique.
  2800 | D:4      | Reached skill level 5 in Fighting
  2804 | D:4      | Reached skill level 5 in Armour
  2810 | D:4      | Reached * piety under Nemelex Xobeh
  2850 | D:4      | Noticed Sigmund
  2853 | D:4      | Killed Sigmund
  2854 | D:4      | Reached skill level 6 in Maces & Flails
  2854 | D:4      | Reached skill level 1 in Dodging
  2854 | D:4      | Reached XP level 7. HP: 53/61 MP: 6/6
  3013 | D:5      | Entered Level 5 of the Dungeon
  3113 | D:5      | Received a gift from Nemelex Xobeh
  3453 | D:5      | Reached skill level 7 in Maces & Flails
  3473 | D:5      | Reached XP level 8. HP: 53/70 MP: 7/7
  3710 | D:5      | Noticed Grinder
  3713 | D:5      | Killed Grinder
  3750 | D:5      | Noticed Dowan
  3751 | D:5      | Noticed Duvessa
  3762 | D:5      | Killed Duvessa
  3782 | D:5      | Killed Dowan
  3783 | D:5      | Reached skill level 8 in Maces & Flails
  4081 | D:6      | Reached skill level 1 in Evocations
  4144 | D:6      | Reached ** piety under Nemelex Xobeh
  4171 | D:6      | Noticed a two-headed ogre
  4176 | D:6      | Killed a two-headed ogre
  4177 | D:6      | Reached skill level 9 in Maces & Flails
  4177 | D:6      | Reached XP level 9. HP: 65/79 MP: 8/8
  4213 | D:6      | Noticed Blork the orc
  4220 | D:6      | Killed Blork the orc
  4457 | D:6      | Found a runed translucent gate.
  4457 | D:6      | Found a runed translucent gate.
  4459 | D:6      | Found a runed translucent gate.
  4459 | D:6      | Noticed uvd540's ghost (amateur MiBe)
  4478 | D:6      | Reached skill level 10 in Maces & Flails
  4481 | D:6      | Killed uvd540's ghost
  4765 | D:7      | Reached skill level 11 in Maces & Flails
  4768 | D:7      | Reached XP level 10. HP: 47/88 MP: 9/9
  4925 | D:7      | Found a staircase to the Ecumenical Temple.
  4979 | D:7      | Noticed Maggie
  4985 | D:7      | Killed Maggie
  5216 | D:7      | Found an ancient bone altar of Kikubaaqudgha.
  5398 | D:7      | Identified the +5 leather armour of the Bull {Rampage +Inv
                  | Int+2}
  6030 | D:8      | Found a staircase to the Lair.
  6108 | D:8      | Reached skill level 12 in Maces & Flails
  6119 | D:8      | Reached skill level 10 in Armour
  6169 | D:8      | Found a flagged portal.
  6181 | Bailey   | Entered a bailey
  6314 | Bailey   | Noticed an orc knight
  6332 | Bailey   | Killed an orc knight
  6493 | Bailey   | Gained mutation: You are clumsy. (Dex -2) [potion of
                  | mutation]
  6493 | Bailey   | Gained mutation: You are strong-willed. (Will+) [potion of
                  | mutation]
  6493 | Bailey   | Gained mutation: You expend magic power (3 MP) to
                  | strengthen your wands. [potion of mutation]
  6493 | Bailey   | Gained mutation: You have a pair of large horns on your
                  | head. [potion of mutation]
  6734 | D:8      | Found a shimmering blue altar of Sif Muna.
  6846 | D:8      | Reached XP level 11. HP: 90/95 MP: 10/10
  6861 | D:8      | Reached skill level 10 in Shields
  7058 | D:9      | Reached *** piety under Nemelex Xobeh
  7734 | D:9      | Reached skill level 13 in Maces & Flails
  7923 | D:9      | Found an iron altar of Okawaru.
  7952 | D:9      | Found a shadowy altar of Dithmenos.
  8059 | D:10     | Entered Level 10 of the Dungeon
  8258 | D:10     | Received a gift from Nemelex Xobeh
  8298 | D:10     | Noticed Amaemon
  8310 | D:10     | Killed Amaemon
  8747 | D:10     | Found a staircase to the Orcish Mines.
  9140 | Orc:1    | Entered Level 1 of the Orcish Mines
  9162 | Orc:1    | Reached skill level 10 in Fighting
  9267 | Orc:2    | Entered Level 2 of the Orcish Mines
  9279 | Orc:2    | Reached **** piety under Nemelex Xobeh
  9290 | Orc:2    | Noticed an orc knight
  9299 | Orc:2    | Noticed an orc high priest
  9310 | Orc:2    | Killed an orc high priest
  9316 | Orc:2    | Killed an orc knight
  9334 | Orc:2    | Noticed an orc knight
  9358 | Orc:2    | Reached XP level 12. HP: 9/106 MP: 2/11
  9360 | Orc:2    | HP: 4/106 [orc knight/+0 war axe (6)]
  9662 | Orc:2    | Noticed an orc high priest
  9669 | Orc:2    | Killed an orc high priest
  9700 | Orc:2    | Noticed an orc high priest
  9701 | Orc:2    | Noticed an orc high priest
  9708 | Orc:2    | Gained mutation: Your spells are a little easier to cast,
                  | but a little less powerful. [a neqoxec]
  9710 | Orc:2    | HP: 2/107 [orc high priest/+0 flail (5)]
  9711 | Orc:2    | Killed from afar by an orc priest

Illustrated notes

Levels and vault maps discovered:
D:1:      lemuel_arrival_funnel, layout_basic
D:2:      layout_loops_corners, serial_forest, infiniplex_forest_lined_room_,
          infiniplex_forest_clump_long, infiniplex_forest_end_3,
          infiniplex_forest_clump_tiny, infiniplex_forest_end_double,
          infiniplex_forest_3_way, infiniplex_forest_straight_1,
          infiniplex_forest_clump_curved, minmay_misc_feat_square,
          chequers_garden, minivault_5, uniq_crazy_yiuf_cottage
D:3:      layout_basic, mainiacjoe_overflow_24_doors,
          wander_ebering_terrifying_dragon_lair
D:4:      layout_cave_pools, serial_shops, shop, uniq_sigmund
D:5:      layout_loops_ring, serial_glass, glass_columns_a, glass_columns_c,
          glass_columns_c, glass_columns_b, grunt_ministairs_10, uniq_grinder,
          uniq_duvessa
D:6:      layout_rooms, gammafunk_ghost_nasty_kobolds, uniq_blork_the_orc
D:7:      layout_loops_ring, lemuel_mausoleum_altar_kikubaaqudgha,
          minmay_temple_entry_stoned_glass, kennysheep_generic_room_11,
          uniq_maggie
D:8:      layout_basic, led_sif_book, due_lair_maze_entry_diamond,
          enter_bailey_2, minmay_between
D:9:      layout_rooms, mainiacjoe_overflow_two_lobes
D:10:     layout_loops_ring, minmay_orc_entry_guard_dogs, uniq_amaemon
Orc:1:    layout_diamond_mine, biasface_ghost_orc_armoury, serial_shops,
          nicolae_shop_rolled_up, mines4_lemuel, uniq_harold
Orc:2:    st_orc_pillars, layout_caves, ebering_ghost_reflecting_pool,
          okawaru_metal_pillars_1_2, uniq_donald

Skill      XL: |  1  2  3  4  5  6  7  8  9 10 11 12 |
---------------+-------------------------------------+-----
Armour         | 4 5 6 8 9 10 11 | 11.3
Fighting       | 4 5 7 8 10 | 10.4
Shields        | 4 5 6 8 9 11 12 | 12.3
Maces & Flails | 3 4 6 7 9 11 12 13 | 13.9
Dodging        | 1 3 4 |  4.9
Evocations     | 1 2 |  2.2
Stealth        | |  0.1

Action                     |  1- 3 |  4- 6 |  7- 9 | 10-12 || total
---------------------------+-------+-------+-------+-------++-------
  Melee: Flail             |   124 |       |       |       ||   124
         Headbutt          |    27 |     9 |    24 |    80 ||   140
         Mace              |       |    73 |   156 |   463 ||   692
 Invoke: Draw Destruction  |       |       |     6 |     3 ||     9
         Draw Summoning    |       |       |     2 |     2 ||     4
         Draw Escape       |       |       |     1 |     2 ||     3
         Triple Draw       |       |       |       |     1 ||     1
  Evoke: Wand              |       |     3 |     3 |    28 ||    34
    Use: Scroll            |     5 |       |     3 |     8 ||    16
         Potion            |     1 |       |     6 |     7 ||    14
   Stab: Paralysed         |       |       |       |     4 ||     4
         Petrified         |       |       |       |     2 ||     2
 Armour: Scale mail        |    36 |     1 |       |       ||    37
         Chain mail        |       |    42 |    68 |     5 ||   115
         Leather armour    |       |       |       |   164 ||   164
         Acid dragon scale |       |       |       |     8 ||     8
  Dodge: Dodged            |    41 |    29 |    47 |   185 ||   302
  Block: Buckler           |    28 |       |       |       ||    28
         Kite shield       |       |    42 |   102 |   230 ||   374
         Tower shield      |       |       |       |    90 ||    90

Table legend: (Time is in decaauts)
 A = Elapsed time spent in this place.
 B = Non-inter-level travel time spent in this place.
 C = Inter-level travel time spent in this place.
 D = Time resting spent in this place.
 E = Time spent auto-exploring this place.
 F = Levels seen in this place.
 G = Mean time per level.
                   A        B        C        D        E       F      G
               +--------+--------+--------+--------+--------+-----+--------+
         Total |   9738 |   9491 |    247 |   1961 |   4669 |  13 |  749.1 |
       Dungeon |   8865 |   8624 |    241 |   1485 |   4658 |  10 |  886.5 |
  Orcish Mines |    561 |    555 |      6 |    382 |     11 |   2 |  280.5 |
        Bailey |    311 |    311 |      0 |     94 |      0 |   1 |  311.0 |
               +--------+--------+--------+--------+--------+-----+--------+

Top non-repeatable levels by time:
     D:7: 1270 daAuts
     D:2: 1159 daAuts
     D:9: 1087 daAuts
    D:10: 1071 daAuts
     D:5: 962 daAuts
     D:3: 922 daAuts
     D:8: 758 daAuts
     D:6: 634 daAuts
     D:1: 541 daAuts
     D:4: 457 daAuts
   Orc:1: 393 daAuts
  Bailey: 311 daAuts
   Orc:2: 167 daAuts
